AoeStats
← Samurai

Hideout

508124315Analyzed
1v1 RM · 12d ago on Sep 21, 2026· 21m 53s· 2 players
Game mode
Random Map
Map size
Tiny (2 player)
Population
200
Speed
Normal
Resources
Standard
Victory
Conquest
Starting age
Dark Age
Ending age
Imperial Age
RankedLock teamsTeams togetherTeam positionsShared explorationLock speedFull tech treeHidden civsTurbo modeCheats
Victory
Defeat
🇨🇱 Italians · Chile
739
+14
🇦🇷 Britons · Argentina
688
-14
Samurai
10:26 Feudal Age
10:52 Double-Bit Axe
10:58 Horse Collar
14:17 Gold Mining
15:47 Stone Mining
16:28 Fletching
18:12 Padded Archer Armor
17:43 Man-at-Arms
18:09 Arson
21:02 Loom
dest the Best!
8:14 Loom
10:26 Feudal Age
8:51 Loom
11:27 Horse Collar
11:34 Double-Bit Axe
12:47 Loom
12:50 Town Watch
13:43 Wheelbarrow
15:03 Fletching
16:22 Padded Archer Armor
21:59 Town Watch
Connection lost

Rejoining the realm…

Still unreachable

The connection could not be restored.

Session expired

The server has moved on; the page needs a fresh start.